Map: [ESL] Moondance

Players

SlavaZA - Winner!

  • Race: Protoss Protoss
  • Spawn Location: 12:00

BabyMarine

  • Race: Terran Terran
  • Spawn Location: 6:00

Event: DreamHack SC2 Masters 2022 Valencia

VOD

Have the link to the VOD?

Description

Time

  • Played on: July 1, 2022, 5:52 a.m.
  • Length: 13:33

All games in this series

Show
View Real Time Build Order
Export as new Build Order

SlavaZA Protoss - Winner!

Build Orders: 1 Gate Expand, Blink Stalkers, Colossus Rush 

Get SALT Encoding   

  12  0:00  Probe  
  13  0:12  Probe  
  14  0:17  Pylon  
  14  0:24  Probe  
  15  0:36  Probe (Chrono Boost)  
  15  0:38  Gateway  
  16  0:48  Probe (Chrono Boost), Assimilator  
  17  0:54  Probe (Chrono Boost)  
  18  1:03  Probe  
  19  1:15  Probe  
  20  1:24  Nexus  
  20  1:27  Probe  
  20  1:36  Cybernetics Core  
  20  1:47  Pylon, Probe (Chrono Boost)  
  21  1:54  Assimilator  
  21  1:59  Probe (Chrono Boost)  
  22  2:04  Probe (Chrono Boost)  
  23  2:09  Stalker (Chrono Boost)  
  23  2:13  Warp Gate  
  23  2:15  Probe  
  26  2:27  Probe  
  27  2:32  Stalker  
  29  2:39  Probe (Chrono Boost)  
  31  2:45  Probe (Chrono Boost)  
  31  2:50  Probe (Chrono Boost)  
  32  2:53  Probe (Chrono Boost)  
  32  2:57  Probe  
  34  3:02  Stalker, Twilight Council  
  34  3:03  Probe  
  37  3:09  Probe  
  38  3:15  Probe  
  38  3:18  Gateway  
  39  3:21  Probe  
  40  3:28  Probe  
  40  3:33  Probe  
  42  3:35  Pylon  
  42  3:40  Probe  
  43  3:42  Blink (Chrono Boost)  
  43  3:45  Probe  
  43  3:48  Robotics Facility  
  44  3:52  Probe  
  45  3:56  Assimilator  
  45  3:57  Probe  
  45  3:58  Assimilator  
  45  4:00  Shield Battery  
  46  4:03  Stalker  
  46  4:04  Probe  
  46  4:09  Probe  
  50  4:13  Stalker  
  50  4:16  Probe  
  53  4:21  Pylon, Probe  
  54  4:33  Nexus  
  54  4:39  Observer (Chrono Boost), Probe x2 (Chrono Boost)  
  54  4:41  Robotics Bay  
  51  4:51  Observer (Chrono Boost), Probe x2 (Chrono Boost)  
  52  4:58  Stalker x2  
  52  4:59  Probe x2 (Chrono Boost)  
  58  5:05  Probe  
  60  5:07  Probe  
  60  5:10  Pylon  
  60  5:12  Observer  
  62  5:24  Gateway  
  62  5:26  Gateway  
  62  5:28  Charge (Chrono Boost), Probe x2  
  64  5:29  Colossus  
  64  5:31  Extended Thermal Lance  
  69  5:47  Probe x2  
  71  5:54  Stalker x2  
  71  5:55  Probe  
  76  5:59  Probe  
  77  6:08  Gateway  
  77  6:11  Pylon  
  77  6:15  Probe x2, Gateway  
  79  6:19  Probe  
  80  6:27  Probe  
  80  6:28  Probe, Colossus (Chrono Boost)  
  80  6:31  Probe  
  89  6:35  Zealot  
  89  6:39  Probe  
  92  6:43  Probe  
  92  6:46  Pylon  
  93  6:48  Pylon, Assimilator  
  93  6:50  Pylon  
  93  6:51  Pylon  
  93  6:53  Forge  
  93  6:54  Pylon, Forge  
  93  6:58  Templar Archives  
  93  7:04  Probe  
  93  7:06  Zealot x5  
  104  7:19  Zealot  
  104  7:22  Protoss Ground Armor Level 1 (Chrono Boost)  
  105  7:27  Zealot x3  
  111  7:31  Nexus  
  111  7:32  Protoss Ground Weapons Level 1 (Chrono Boost), Pylon  
  111  7:36  Probe  
  111  7:37  Probe  
  112  7:39  Colossus (Chrono Boost)  
  118  7:49  Probe  
  118  7:50  Probe  
  120  8:01  Shield Battery  
  120  8:03  Zealot x4  
  128  8:06  Gateway  
  128  8:12  Gateway  
  128  8:14  Pylon  
  128  8:22  Pylon  
  128  8:23  Colossus (Chrono Boost)  
  134  8:28  Robotics Facility  
  134  8:31  Probe x3  
  137  8:34  Pylon  
  137  8:35  Zealot x3  
  137  8:37  Zealot  
  145  8:44  Pylon  
  145  8:47  Pylon, Probe x2  
  145  8:48  Probe  
  148  8:49  Pylon, Probe  
  148  8:52  High Templar  
  148  8:53  High Templar  
  153  8:56  High Templar x2  
  153  8:57  Archon  
  153  8:59  High Templar x2  
  153  9:02  Archon  
  161  9:03  Archon  
  161  9:06  Zealot  
  163  9:16  Zealot  
  127  9:28  Zealot x4  
  125  9:31  Zealot  
  125  9:32  Zealot x2  
  129  9:45  Probe x4  
  131  9:57  Probe x3  
  131  9:58  Probe, Zealot x8  
  131  9:59  Colossus (Chrono Boost)  
  151  10:00  Colossus (Chrono Boost)  
  159  10:12  Protoss Ground Weapons Level 2 (Chrono Boost)  
  159  10:13  Protoss Ground Armor Level 2 (Chrono Boost)  
  159  10:18  Gateway x2  
  159  10:23  Nexus, Gateway  
  159  10:24  Pylon  
  159  10:25  Gateway  
  159  10:31  Zealot  
  159  10:32  Zealot x5  
  171  10:43  Colossus x2 (Chrono Boost)  
  183  10:52  Pylon  
  183  10:55  Probe x3  
  186  10:58  Pylon  
  186  11:02  Zealot x6  
  198  11:21  Gateway  
  198  11:23  Zealot  
  188  11:47  Dark Shrine  
  176  12:07  Zealot x9  
  176  12:08  Zealot x2  
  190  12:19  Stalker x2  
  196  12:27  Stalker x3  
  196  12:28  Stalker x2  
  192  12:40  Nexus  
  192  12:42  Pylon  
  178  12:44  Pylon  
  148  12:59  Zealot x5  
  148  13:00  Zealot x6  
  170  13:06  Gateway x2  
  170  13:11  Gateway  
  170  13:13  Gateway  
  170  13:15  Gateway, Zealot x2  
  170  13:16  Gateway  
  170  13:19  Zealot  
  182  13:20  Zealot x7  
  182  13:21  Zealot x2  
Show
View Real Time Build Order
Export as new Build Order

BabyMarine Terran 

Build Orders: Reaper Expand 

Get SALT Encoding   

  12  0:00  SCV  
  13  0:12  SCV  
  14  0:18  Supply Depot  
  14  0:24  SCV  
  15  0:39  SCV  
  15  0:41  Barracks  
  16  0:43  Refinery  
  16  0:51  SCV  
  17  1:03  SCV  
  18  1:15  SCV  
  19  1:28  Reaper  
  19  1:30  Orbital Command  
  20  1:42  Command Center  
  20  1:52  Supply Depot  
  20  1:56  SCV  
  20  2:00  Marine  
  22  2:08  SCV  
  22  2:09  Factory  
  23  2:17  Bunker  
  23  2:20  Barracks Reactor  
  23  2:21  SCV  
  24  2:26  Refinery  
  24  2:33  SCV  
  25  2:45  SCV  
  26  2:55  Hellion  
  26  2:56  Orbital Command  
  26  2:57  SCV, Starport  
  29  3:01  Marine  
  29  3:02  Marine  
  31  3:09  SCV  
  32  3:17  Widow Mine  
  34  3:22  SCV x2  
  34  3:23  Marine x2, Supply Depot  
  38  3:33  Medivac  
  38  3:34  SCV x2  
  41  3:38  Widow Mine  
  43  3:43  Marine x2  
  43  3:46  SCV x2  
  47  3:50  Supply Depot  
  45  3:58  SCV x2  
  45  3:59  Factory Tech Lab  
  45  4:02  Marine x2  
  48  4:09  Barracks, Starport Tech Lab  
  49  4:10  SCV  
  49  4:11  SCV  
  49  4:13  Supply Depot  
  51  4:18  Siege Tank  
  51  4:20  Marine x2  
  51  4:23  SCV x2  
  58  4:26  Barracks  
  58  4:33  Raven  
  58  4:35  SCV x2  
  58  4:38  Marine  
  63  4:39  Supply Depot  
  61  4:46  Marine  
  61  4:47  SCV  
  61  4:49  SCV  
  61  4:51  Refinery  
  61  4:52  Engineering Bay  
  62  4:55  Siege Tank  
  62  4:59  SCV  
  67  5:01  SCV  
  67  5:06  Marine x2  
  69  5:09  Supply Depot x2  
  69  5:11  SCV  
  70  5:17  Barracks Tech Lab  
  70  5:18  SCV  
  70  5:20  Refinery  
  71  5:23  SCV, Stimpack, Marauder  
  71  5:24  Marine x2  
  76  5:29  Supply Depot  
  76  5:30  SCV  
  77  5:36  Combat Shield  
  77  5:40  Marauder  
  77  5:41  SCV  
  77  5:42  SCV  
  81  5:43  Marine x2  
  81  5:45  Starport Reactor  
  81  5:47  Marauder  
  85  5:51  Supply Depot  
  85  5:58  Supply Depot  
  85  5:59  Siege Tank, Supply Depot  
  85  6:01  SCV, Marine  
  85  6:03  SCV  
  91  6:04  Marine  
  91  6:08  Terran Infantry Weapons Level 1  
  92  6:12  Marauder  
  92  6:13  SCV, Marauder  
  92  6:16  SCV  
  98  6:21  Marine  
  98  6:22  Marine  
  98  6:23  Medivac  
  102  6:26  SCV  
  102  6:31  Medivac  
  105  6:36  Marine  
  105  6:38  SCV x2  
  108  6:40  Command Center  
  108  6:41  Marine x2  
  103  6:47  Marine  
  103  6:50  SCV  
  102  6:56  Factory Reactor  
  102  6:58  Concussive Shells  
  102  7:00  Marine x2, Marauder  
  106  7:01  Barracks  
  106  7:02  SCV x2  
  106  7:05  Barracks  
  106  7:06  Marauder  
  110  7:09  Medivac  
  110  7:10  Medivac  
  110  7:13  Supply Depot  
  114  7:17  SCV, Marine  
  114  7:22  Marauder  
  118  7:28  SCV  
  118  7:29  SCV, Marine, Marauder  
  123  7:31  Ghost Academy  
  122  7:39  Viking x2  
  126  7:47  SCV  
  126  7:48  SCV  
  126  7:49  Starport  
  128  7:58  Orbital Command, Barracks Reactor  
  127  7:59  Ghost  
  127  8:02  Ghost  
  131  8:06  Marine  
  131  8:07  Marine  
  131  8:10  Viking  
  135  8:16  Viking  
  135  8:17  Orbital Command  
  137  8:20  Supply Depot x2  
  137  8:25  Viking  
  139  8:30  Viking, Marine x2  
  143  8:34  Marauder x2  
  147  8:42  SCV  
  147  8:43  SCV  
  147  8:47  Marine x2, Marauder  
  153  8:52  Refinery  
  153  8:53  Refinery  
  153  8:54  Viking  
  155  8:56  Marauder  
  155  9:02  Viking  
  159  9:03  Bunker, Supply Depot  
  159  9:13  Marine x2, Marauder x2  
  152  9:20  Marine x2, Marauder  
  152  9:24  SCV  
  145  9:30  Marine  
  145  9:31  Marine  
  144  9:35  Marauder x2  
  144  9:38  Marine  
  142  9:39  Command Center  
  142  9:41  Viking x3  
  142  9:42  Marauder  
  138  9:52  Marine x2  
  136  9:55  Ghost  
  136  9:56  Marauder  
  136  9:58  Marine x2  
  140  10:02  Ghost  
  140  10:03  Viking  
  140  10:08  Enhanced Shockwaves  
  140  10:14  Viking  
  142  10:17  Marauder  
  142  10:21  Viking, Marine x2  
  146  10:22  Marine  
  146  10:23  Barracks x2  
  146  10:24  Barracks  
  146  10:25  Marauder  
  146  10:26  Missile Turret  
  149  10:29  Marine  
  149  10:31  Ghost, Viking  
  149  10:35  Missile Turret x2  
  154  10:38  Viking  
  156  10:48  Missile Turret  
  156  10:49  Marine x2  
  159  10:50  Marauder  
  159  10:51  Ghost  
  159  10:56  Armory  
  162  10:58  Engineering Bay  
  162  11:00  Marine  
  162  11:01  Marine, Marauder  
  166  11:11  Barracks Tech Lab x2  
  166  11:12  Barracks Reactor  
  166  11:17  Marine, Terran Infantry Armor Level 1  
  166  11:18  Marine, Marauder  
  170  11:21  Marauder  
  172  11:25  Marine  
  172  11:26  Marine, Marauder  
  167  11:35  Marine x3  
  167  11:36  Marauder  
  167  11:39  Marauder  
  170  11:43  Supply Depot, Medivac x2  
  176  11:47  Marauder  
  176  11:48  Planetary Fortress  
  176  11:54  Orbital Command  
  177  11:59  Orbital Command, Marine  
  177  12:00  Marine, Marauder  
  176  12:02  Viking x2  
  170  12:19  SCV x2  
  172  12:28  Marine x4, Marauder x3  
  184  12:31  SCV  
  184  12:32  SCV  
  184  12:43  Orbital Command  
  172  13:00  Medivac x2  
  176  13:11  Command Center  

Tags
 
Add a new tag
Caveats
  • Supply blocks, unpowered buildings, or Contaminate may cause inaccurate times.
  • Supply counts are checked every 10 seconds.